 Dungeon Crawl Stone Soup version 0.18-a0-1323-g706dcef (webtiles) character file.

149 namelastname112 the Skirmisher (level 5, -11/48 HPs)
             Began as a Draconian Wanderer on Feb 15, 2016.
             Killed from afar by Ymberto's ghost (19 damage)
             ... with a flame tongue
             ... on level 3 of the Dungeon.
             The game lasted 00:05:08 (3489 turns).

namelastname112 the Skirmisher (Draconian Wanderer) Turns: 3489, Time: 00:05:08

Health: -11/48     AC:  5    Str: 14    XL:     5   Next: 9%
Magic:  5/5        EV: 13    Int:  9    God:
Gold:   107        SH:  0    Dex: 15    Spells: 0 memorised, 4 levels left

rFire  . . .     SeeInvis .     e - +0 club
rCold  . . .     Gourm    .     (armour unavailable)
rNeg   + . .     Faith    .     (no shield)
rPois  .         Spirit   .     (helmet restricted)
rElec  .         Dismiss  .     (no cloak)
rCorr  .         Reflect  .     (no gloves)
SustAt .         Harm     .     (no boots)
MR     .....                    (no amulet)
Stlth  ++........               (no ring)
                                c - ring of positive energy

@: not resistant to hostile enchantments, unstealthy
A: unfitting armour, cold-blooded, AC +5
a: no special abilities


You were on level 3 of the Dungeon.
You were not hungry.

You visited 1 branch of the dungeon, and saw 3 of its levels.

You collected 107 gold pieces.

Inventory:

Hand Weapons
 e - a +0 club (weapon)
Jewellery
 c - a ring of positive energy (left hand)
 s - an uncursed ring of fire
Wands
 a - a wand of digging (4/24)
Scrolls
 b - a scroll of blinking
 d - 4 scrolls of teleportation
 g - a scroll of fog {unknown}
 i - a scroll of fear {unknown}
 j - 2 scrolls of noise {unknown}
 l - 5 scrolls of remove curse {unknown}
 p - 3 scrolls of identify {unknown}
 r - a scroll of amnesia {unknown}
 t - a scroll of enchant weapon {unknown}
Potions
 h - a potion of invisibility {unknown}
 k - a potion of agility {unknown}
 m - a potion of berserk rage {unknown}
 n - a potion of curing
 o - a potion of might
Comestibles
 f - 2 bread rations
 q - a meat ration


   Skills:
 + Level 5.2 Fighting
 * Level 3.1 Maces & Flails
   Level 1.0 Crossbows
 + Level 2.3 Dodging
 - Level 1.0 Stealth
   Level 1.0 Shields
 - Level 2.0 Unarmed Combat
 * Level 0.2 Evocations


You had 4 spell levels left.
You didn't know any spells.

Dungeon Overview and Level Annotations

Branches:
Dungeon (3/15)

Altars:
Cheibriados
Kikubaaqudgha

Annotations:
D:3 Ymberto's ghost, amateur HuFE


Innate Abilities, Weirdness & Mutations

Your plain brown scales are hard (AC +5).
Your body does not fit into most forms of armour.
You are cold-blooded and may be slowed by cold attacks.


Message History

Ymberto's ghost gestures at you while chanting.
The flame tongue hits you!
* * * LOW HITPOINT WARNING * * *
You are too injured to fight recklessly!
You are too injured to fight recklessly!
You are too injured to fight recklessly!
You are too injured to fight recklessly!
You are too injured to fight recklessly!
You are too injured to fight recklessly!
You are too injured to fight recklessly!
You are too injured to fight recklessly!
You are too injured to fight recklessly!
You are too injured to fight recklessly!
You are too injured to fight recklessly!
You are too injured to fight recklessly!
The bat hits you but does no damage. The bat barely misses you.
The bat misses you. Ymberto's ghost casts a spell at you.
The flame tongue hits you!
You die...

........# .#.....# #
# ......##. #.
#.........
###.##.....###.##
...........##....###
#
.......W...##......#
##. ......b.####
...#.####..
........@#
#...#....#
########.###
###..#.....
#...####..........
#........#...#....
#.......>###......
#.................
#...........##....
#.......รท.(.......
#.........).......


You could see Ymberto's ghost and a bat.

Vanquished Creatures
  A giant frog zombie (D:2)
  Ijyb (D:2)
  3 adders (D:2)
  2 worms (D:2)
  4 giant cockroaches
  10 goblins
  6 hobgoblins
  3 jackals (D:2)
  2 quokkas (D:2)
  9 bats
  A giant newt (D:2)
  10 kobolds
  6 rats
58 creatures vanquished.

Notes
Turn   | Place    | Note
--------------------------------------------------------------
     0 | D:1      | namelastname112 the Draconian Wanderer began the quest for the Orb.
     0 | D:1      | namelastname112 set off with: a potion of heal wounds, a scroll of blinking, a potion of lignification, a scroll of teleportation, a +0 club, a bread ration
     0 | D:1      | Reached XP level 1. HP: 22/22 MP: 1/1
   218 | D:1      | Reached skill level 1 in Maces & Flails
   263 | D:1      | Reached XP level 2. HP: 10/28 MP: 2/2
  1104 | D:2      | Reached XP level 3. HP: 24/34 MP: 3/3
  1193 | D:2      | Found an ancient bone altar of Kikubaaqudgha.
  1584 | D:2      | Noticed Ijyb
  1780 | D:2      | Killed Ijyb
  1780 | D:2      | Reached XP level 4. HP: 16/41 MP: 4/4
  2415 | D:2      | Reached skill level 5 in Fighting
  2994 | D:2      | Found a snail-covered altar of Cheibriados.
  3183 | D:2      | Reached XP level 5. HP: 29/48 MP: 5/5
  3477 | D:3      | Noticed Ymberto's ghost (amateur HuFE)
  3489 | D:3      | Killed from afar by Ymberto's ghost

Vault maps used:
D:1:      dpeg_arrival_shrine
D:2:      kennysheep_goblin_castle, marbit_many_paths,
          kiku_gazebo_garden_becter, first_bread
D:3:      nicolae_overflow_crystal_walls, old_standard_altar, ecumenical_altar_1

Action                   |  1- 3 |  4- 6 || total
-------------------------+-------+-------++-------
Melee: Club              |   211 |   139 ||   350
       Unarmed           |    11 |       ||    11
  Use: Potion            |     3 |       ||     3
 Stab: Sleeping          |     1 |     1 ||     2
  Eat: Chunk             |     2 |     7 ||     9
